 Dungeon Crawl Stone Soup version 0.31-a0-1-g4198be8af4 (webtiles) character file.

Game seed: 6286996735442969008

350 qeuew the Cudgeller (level 6, 0/39 HPs)
             Began as a Gargoyle Monk on May 1, 2023.
             Slain by an orc
             ... wielding a +0 flail
              (2 damage)
             ... on level 4 of the Dungeon.
             The game lasted 00:03:39 (2480 turns).

qeuew the Cudgeller (Gargoyle Monk)                 Turns: 2480, Time: 00:03:40

Health: 0/39       AC:  7    Str: 16    XL:     6   Next: 61%
Magic:  6/6        EV: 12    Int: 11    God:
Gold:   72         SH:  0    Dex: 12    Spells: 5/5 levels left

rFire   . . .        a - +1 mace
rCold   . . .        d - orb {light}
rNeg    + . .        b - +1 robe
rPois   ∞            (no helmet)
rElec   +            (no cloak)
rCorr   .            (no gloves)
SInv    .            (no boots)
Will    .....        (no amulet)
Stlth   +            (no ring)
HPRegen 0.26/turn    (no ring)
MPRegen 0.10/turn

%: no passive effects
@: glowing
A: sickness immunity, AC +4, negative energy resistance 1, electricity
resistance, torment resistance 1, petrification resistance
a: no special abilities


You were on level 4 of the Dungeon.
You visited 1 branch of the dungeon, and saw 4 of its levels.

You collected 72 gold pieces.

Inventory:

Hand Weapons
 a - a +1 mace (weapon)
Missiles
 f - a throwing net (quivered)
Armour
 b - a +1 robe (worn)
 d - an orb of light (worn)
Wands
 i - a wand of flame (17)
Scrolls
 h - a scroll of magic mapping
 k - a scroll of enchant armour
Potions
 c - a potion of ambrosia
 e - a potion of berserk rage
 g - a potion of heal wounds
 j - a potion of resistance


   Skills:
 + Level 4.4 Fighting
 * Level 4.7 Maces & Flails
 * Level 3.8 Armour
 + Level 3.3 Dodging


You had 5 spell levels left.
You didn't know any spells.
Your spell library contained the following spells:

 Spells                   Type           Power      Damage    Failure   Level
 Ozocubu's Armour         Ice            0%         N/A       71%         3
 Metabolic Englaciation   Hex/Ice        0%         N/A       100%        5
 Simulacrum               Ice/Necr       0%         N/A       100%        6


Dungeon Overview and Level Annotations

Branches:
Dungeon (4/15)
 Temple: D:4-7

Altars:

Shops:
D:4 !

Annotations:
D:3 2 transporters


Innate Abilities, Weirdness & Mutations

You are immune to sickness and miasma.
Your stone body is resilient. (AC +4)
You are immune to poison.
You resist negative energy. (rN+)
You are resistant to electric shocks. (rElec)
You are resistant to unholy torment.
You are immune to petrification.


Message History

The orc wizard mumbles some strange words.
The orc wizard flickers and vanishes for a moment.
You hit the orc wizard.
You kill the orc wizard!
The orc hits you but does no damage. The orc barely misses you. x2
You barely miss the orc. The orc hits you but does no damage. x2
The orc barely misses you. The orc hits you with a +0 short sword.
The orc hits you with a +0 flail. The orc barely misses you.
You barely miss the orc. The orc hits you with a +0 flail.
The orc closely misses you. The orc hits you but does no damage.
You are too injured to fight recklessly!
You are too injured to fight recklessly!
You are too injured to fight recklessly!
You are too injured to fight recklessly!
You are too injured to fight recklessly!
You are too injured to fight recklessly!
You are too injured to fight recklessly!
You are too injured to fight recklessly!
You are too injured to fight recklessly!
You are too injured to fight recklessly!
You are too injured to fight recklessly!
You are too injured to fight recklessly!
You are too injured to fight recklessly!
You are too injured to fight recklessly!
Unknown command.
You hit the orc.
The orc is almost dead.
The orc hits you with a +0 short sword. The orc closely misses you.
The orc barely misses you.
You barely miss the orc.
The orc is almost dead.
The orc hits you with a +0 flail!
* * * LOW HITPOINT WARNING * * *
The orc closely misses you. The orc hits you with a +0 flail.
* * * LOW HITPOINT WARNING * * *
You barely miss the orc. The orc hits you but does no damage.
The orc hits you with a +0 short sword.
* * * LOW HITPOINT WARNING * * *
The orc hits you with a +0 flail.
You die...

#..... ... #.....
..# #..... ...#
#....# ....#
+###....##....#
..............#
......oo).....#
##+###..o@#
#...#####'#
######.........#
#.....[........##
#.............>.#
#.......<.......+
...##...##'#####
.. ###'##..## ...
#...#....#


You could see 3 orcs.

Vanquished Creatures
  An ogre (D:4)
  A scorpion (D:4)
  An orc priest (D:3)
  2 orc wizards
  3 adders (D:2)
  A worm (D:4)
  3 dart slugs
  12 orcs
  2 endoplasms (D:1)
  4 giant cockroaches
  5 goblins
  8 hobgoblins
  2 jackals (D:3)
  4 kobolds
  6 quokkas
  11 ball pythons
  5 bats
  4 frilled lizards
  6 rats
81 creatures vanquished.

Notes
Turn   | Place    | Note
-------+----------+-------------------------------------------
     0 | D:1      | qeuew the Gargoyle Monk began the quest for the Orb.
     0 | D:1      | Reached XP level 1. HP: 14/14 MP: 1/1
    34 | D:1      | Found a faded altar of an unknown god.
   107 | D:1      | Reached XP level 2. HP: 19/19 MP: 2/2
   190 | D:1      | Reached skill level 1 in Armour
   669 | D:1      | Reached XP level 3. HP: 23/23 MP: 3/3
  1111 | D:2      | Reached XP level 4. HP: 28/29 MP: 4/4
  1730 | D:3      | Reached XP level 5. HP: 28/33 MP: 5/5
  1833 | D:3      | Found a transporter.
  1837 | D:3      | Found a transporter.
  2301 | D:4      | Reached XP level 6. HP: 32/38 MP: 6/6
  2435 | D:4      | Found Bust's Distillery.
  2480 | D:4      | Slain by an orc

Illustrated notes

Levels and vault maps discovered:
D:1:      scummos_arrival_forest, layout_loops_corners,
          shapermc_ecumenical_altar_totnotflames
D:2:      layout_loops_ring, nicolae_half_adder
D:3:      gammafunk_steamed_eel, layout_basic, hex_medium
D:4:      layout_gridville, minmay_temple_entry_wispy, serial_shops,
          nicolae_shop_getting_attention, nicolae_shop_stone, shop, shop,
          nicolae_shop_gaudy_bauble

Skill      XL: |  1  2  3  4  5 |
---------------+----------------+-----
Armour         | 1 2 3 |  3.8
Fighting       | 4 |  4.4
Maces & Flails | 4 |  4.7
Dodging        | 3 |  3.3

Action                     |  1- 3 |  4- 6 || total
---------------------------+-------+-------++-------
  Melee: Mace              |    96 |   134 ||   230
  Throw: Throwing net      |       |     1 ||     1
    Use: Scroll            |     2 |     5 ||     7
         Potion            |       |     6 ||     6
 Armour: Robe              |    47 |    78 ||   125
  Dodge: Dodged            |    55 |   128 ||   183

Table legend: (Time is in decaauts)
 A = Elapsed time spent in this place.
 B = Non-inter-level travel time spent in this place.
 C = Inter-level travel time spent in this place.
 D = Time resting spent in this place.
 E = Time spent auto-exploring this place.
 F = Levels seen in this place.
 G = Mean time per level.
                   A        B        C        D        E       F      G
               +--------+--------+--------+--------+--------+-----+--------+
         Total |   2534 |   2434 |    100 |      0 |   1927 |   4 |  633.5 |
       Dungeon |   2534 |   2434 |    100 |      0 |   1927 |   4 |  633.5 |
               +--------+--------+--------+--------+--------+-----+--------+

Top non-repeatable levels by time:
     D:1: 1000 daAuts
     D:2: 694 daAuts
     D:3: 646 daAuts
     D:4: 193 daAuts
